 Dungeon Crawl Stone Soup version 0.21-a0-155-gb8a8bae (webtiles) character file.

58 Musica the Grave Robber (level 3, -3/24 HPs)
             Began as a Mummy Necromancer on Aug 3, 2017.
             Slain by Crazy Yiuf
             ... wielding a +3 quarterstaff of chaos
              (5 damage)
             ... on level 2 of the Dungeon.
             The game lasted 00:06:11 (1344 turns).

Musica the Grave Robber (Mummy Necromancer)         Turns: 1344, Time: 00:06:12

Health: -3/24      AC:  2    Str: 11    XL:     3   Next: 76%
Magic:  1/8        EV: 12    Int: 15    God:
Gold:   171        SH:  0    Dex: 12    Spells: 7/9 levels left

rFire    . . .     SeeInvis .   o - +3 dagger (venom)
rCold    . . .     Gourm    .   (no shield)
rNeg     + + +     Faith    .   a - +0 robe
rPois    ∞         Spirit   .   (no helmet)
rElec    .         Reflect  .   (no cloak)
rCorr    .         Harm     .   (no gloves)
MR       .....                  (no boots)
Stlth    ++........             (no amulet)
HPRegen  0.08/turn              k - ring of fire
MPRegen  0.11/turn              (no ring)

@: no status effects
A: no food or potions, fire vulnerability, cold resistance 1, negative energy
resistance 3, torment resistance, unbreathing
a: no special abilities


You were on level 2 of the Dungeon.
You were not hungry.

You visited 1 branch of the dungeon, and saw 3 of its levels.

You collected 171 gold pieces.

Inventory:

Hand Weapons
 d - a +0 dagger of venom
 i - a +0 hunting sling
 o - a +3 dagger of venom (weapon)
Missiles
 c - 9 poisoned needles
 h - 56 arrows
 j - 20 sling bullets
Armour
 a - a +0 robe (worn)
Jewellery
 g - an uncursed amulet of faith
 k - a ring of fire (left hand)
 n - an uncursed ring of protection from cold
Scrolls
 e - 2 scrolls of teleportation
 f - a scroll of remove curse
 l - 2 scrolls of identify {unknown}
 m - a scroll of magic mapping
Books
 b - a book of Necromancy

   Spells                             Type                      Level
   a - Pain                           Necromancy                   1
   b - Animate Skeleton               Necromancy                   1
   c - Vampiric Draining              Necromancy                   3
   d - Regeneration                   Charms/Necromancy            3
   e - Animate Dead                   Necromancy                   4
   f - Control Undead                 Necromancy                   4


   Skills:
 + Level 0.4 Slings
 - Level 1.5 Dodging
 - Level 1.5 Stealth
 + Level 3.8 Spellcasting
 + Level 4.8 Necromancy


You had 7 spell levels left.
You knew the following spells:

 Your Spells              Type           Power        Failure   Level  Hunger
a - Pain                  Necr           ###.         2%          1    N/A
b - Animate Skeleton      Necr           N/A          2%          1    N/A

Dungeon Overview and Level Annotations

Branches:
Dungeon (3/15)

Altars:

Annotations:
D:2 Crazy Yiuf


Innate Abilities, Weirdness & Mutations

You do not eat or drink.
Your flesh is vulnerable to fire.
You are immune to poison.
Your flesh is cold resistant. (rC+)
You are immune to negative energy. (rN+++)
You are immune to unholy pain and torment.
You can survive without breathing.


Message History

Press: ? - help, Shift-Dir - straight line, f/p - Crazy Yiuf
Aim: Crazy Yiuf, wielding a quarterstaff of chaos and wearing a cloak (moderately wounded, chance to defeat MR: 82%) Crazy Yiuf writhes in agony!
Crazy Yiuf hits you with a quarterstaff of chaos!
You feel your power leaking away.
Casting: Pain
Confirm with . or Enter, or press ? or * to list all spells.
Aiming: Pain
Press: ? - help, Shift-Dir - straight line, f/p - Crazy Yiuf
Aim: Crazy Yiuf, wielding a quarterstaff of chaos and wearing a cloak (moderately wounded, chance to defeat MR: 82%) Crazy Yiuf writhes in agony!
Crazy Yiuf hits you with a quarterstaff of chaos!
Ouch! That really hurt!
* * * LOW HITPOINT WARNING * * *
There is an open door here.
Crazy Yiuf laughs, "Cholesterol sow sanguine!"
Crazy Yiuf screams, "Cholesterol bag agre!"
Crazy Yiuf cries, "Seed!
Prologue high song."
Crazy Yiuf hits you with a quarterstaff of chaos.
You die...

#..###.##
#.# #.#
#.## #..#
#.# #.#####
#.# ##.#
###.#
#.....###
#.#
#.###...#
#####.Z.Z
#.#
#.##..###
##### #.#
#..#.##
###### #
##.# ##...#
#....####
#..# #...#
#........
#.## ##@.##
#....####
#.# #.g..#
###### #.#
♣....♣ ##.#
♣...♣♣ #..#
♣♣.♣♣ #.##
♣.♣♣
#.#####
♣♣.♣
#.....#
♣.♣♣ ###
#.....#
♣♣.♣
#.#########


You could see Crazy Yiuf.

Vanquished Creatures
  An adder (D:2)
  2 oozes (D:1)
  2 worms (D:2)
  A dart slug (D:2)
  3 giant cockroaches
  4 goblins (D:2)
  4 hobgoblins
  2 quokkas (D:2)
  A ball python (D:2)
  4 bats
  2 frilled lizards (D:1)
  2 kobolds (D:1)
  3 rats
31 creatures vanquished.

Vanquished Creatures (collateral kills)
  A goblin (D:1)
  A hobgoblin (D:1)
2 creatures vanquished.

Grand Total: 33 creatures vanquished

Notes
Turn   | Place    | Note
-------+----------+-------------------------------------------
     0 | D:1      | Musica the Mummy Necromancer began the quest for the Orb.
     0 | D:1      | Reached XP level 1. HP: 13/13 MP: 4/4
    65 | D:1      | Learned a level 1 spell: Animate Skeleton
    98 | D:1      | Reached XP level 2. HP: 19/19 MP: 2/5
   762 | D:2      | Reached XP level 3. HP: 23/24 MP: 3/7
  1181 | D:2      | Found a runed door.
  1327 | D:2      | Noticed Crazy Yiuf
  1334 | D:2      | HP: 1/24 [Crazy Yiuf/quarterstaff of chaos (16)]
  1344 | D:2      | Slain by Crazy Yiuf

Vault maps used:
D:1:      lightli_arrival_boilingwater
D:2:      first_bread, minmay_misc_feat_tower, uniq_crazy_yiuf_cottage
D:3:      minmay_roachtagon

Skill      XL: |  1  2 |
---------------+-------+-----
Spellcasting   | 3 |  3.8
Slings         | |  0.4
Dodging        | |  1.5
Stealth        | |  1.5
Necromancy     | |  4.8

Action                   || total
-------------------------++-------
Melee: Unarmed           ||     5
       Dagger            ||    14
 Fire: Hunting sling     ||     2
 Cast: Pain              ||    59
       Animate Skeleton  ||     9
  Use: Scroll            ||     6
 Stab: Sleeping          ||     4
Armor: Robe              ||     3
Dodge: Dodged            ||    13
